AoeStats
← Juyhou

Pilgrims

507744281Analyzed
4v4 RM · 14d ago on Sep 19, 2026· 22m 29s· 8 players
Game mode
Random Map
Map size
Large (8 player)
Population
200
Speed
Normal
Resources
Standard
Victory
Conquest
Starting age
Dark Age
Ending age
Imperial Age
RankedLock teamsTeams togetherTeam positionsShared explorationLock speedFull tech treeHidden civsTurbo modeCheats
Victory
Defeat
🇹🇷 Chinese · Türkiye
2042
+7
🇫🇮 Shu · Finland
1892
+12
🇹🇷 Goths · Türkiye
1835
+14
🇫🇮 Bohemians · Finland
1707
+19
🇰🇷 Jurchens · South Korea
1834
-14
🇧🇬 Teutons · Bulgaria
1814
-13
🇩🇰 Malians · Denmark
1812
-13
🇨🇳 Georgians · China
1774
-12
CNZS_knightk
9:53 Loom
14:25 Feudal Age
15:00 Double-Bit Axe
18:01 Castle Age
15:59 Fishing Lines
17:48 Gold Mining
18:52 Medium Warships
19:05 Bow Saw
18:51 Town Watch
20:00 Siphons
20:07 Clinker Construction
21:10 Careening
Zni.Locuss
3:07 Loom
10:20 Feudal Age
11:17 Town Watch
14:14 Castle Age
12:30 Double-Bit Axe
12:55 Gold Mining
15:24 Redemption
CristinaLover
6:54 Loom
10:20 Feudal Age
12:30 Double-Bit Axe
15:26 Fishing Lines
24:09 Castle Age
22:40 Gold Mining
清远华
10:10 Feudal Age
11:41 Town Watch
14:58 Castle Age
14:08 Loom
15:11 Double-Bit Axe
17:46 Horse Collar
Ubetnir
8:33 Loom
10:46 Feudal Age
11:19 Town Watch
14:26 Castle Age
12:27 Gold Mining
12:51 Fishing Lines
13:13 Double-Bit Axe
13:38 Fletching
14:13 Stone Mining
15:19 Bow Saw
16:12 Bodkin Arrow
17:07 Gillnets
19:13 Wheelbarrow
19:24 Horse Collar
20:49 Padded Archer Armor
Juyhou
4:40 Loom
7:59 Feudal Age
8:29 Double-Bit Axe
10:36 Town Watch
10:45 Fishing Lines
18:52 Castle Age
17:22 Forging
19:47 Medium Warships
20:18 Iron Casting
19:58 Bow Saw
20:55 Gillnets
Honda
7:41 Loom
12:34 Feudal Age
16:50 Castle Age
14:56 Scale Mail Armor
14:45 Double-Bit Axe
16:09 Forging
16:10 Gold Mining
18:06 Chain Mail Armor
18:24 Bow Saw
22:35 Imperial Age
22:15 Ballistics
Tomppa
8:13 Loom
10:24 Feudal Age
14:00 Castle Age
12:44 Fishing Lines
15:10 Double-Bit Axe
17:09 Bow Saw
19:04 Scale Barding Armor
23:31 Wheelbarrow
22:46 Town Watch
Connection lost

Rejoining the realm…

Still unreachable

The connection could not be restored.

Session expired

The server has moved on; the page needs a fresh start.